 Dungeon Sprint DCSS version 0.19.0-11-g3fc08b3 (webtiles) character file.

966 equalderp2856 the Gouger (level 7, -7/37 HPs)
             Began as a Felid Fighter on Nov 9, 2016.
             Killed by an exploding ballistomycete spore (22 damage)
             ... in the Dungeon (Sprint I: "Red Sonja").
             The game lasted 00:03:19 (903 turns).

equalderp2856 the Gouger (Felid Fighter)             Turns: 903, Time: 00:03:21

Health: -7/37      AC:  2    Str: 13    XL:     7   Next: 93%
Magic:  8/8        EV: 27    Int:  9    God:
Gold:   634        SH:  0    Dex: 17    Spells: 0 memorised, 6 levels left
                                        Lives:  0   Deaths: 2

rFire  . . .     SeeInvis +       - Unarmed
rCold  + . .     Gourm    .     (armour unavailable)
rNeg   . . .     Faith    .     (shield unavailable)
rPois  .         Spirit   .     (helmet unavailable)
rElec  .         Reflect  .     (cloak unavailable)
rCorr  .         Harm     .     (gloves unavailable)
MR     +....     NoTele   +     (boots unavailable)
Stlth  ++........               (no amulet)
                                (no ring)
                                k - ring of protection from cold

@: confused, quick
A: no armour, no weapons or thrown items, stealth, claws 1, fangs 3, see
invisible, carnivore 3, speed 1, shaggy fur 2, slow metabolism 1, sharp paws
a: no special abilities


You were in the Dungeon.
You were not hungry.

You visited 1 branch You collected 634 gold pieces.

Inventory:

Jewellery
 k - a ring of protection from cold (left paw)
Scrolls
 h - a scroll of blinking
 j - a scroll of amnesia {unknown}
Potions
 a - a potion of might
 d - a potion of heal wounds
 e - a potion of haste
 f - 2 potions of magic
 g - a potion of berserk rage
 i - a potion of mutation {unknown}
Comestibles
 b - 2 meat rations
 c - a beef jerky


   Skills:
 + Level 8.5 Fighting
 + Level 11.4 Dodging
 * Level 8.7 Stealth
 + Level 14.6 Unarmed Combat


You had 6 spell levels left.
You didn't know any spells.

Dungeon Overview and Level Annotations

Branches:
Dungeon (1/1)

Altars:
Cheibriados
Dithmenos
Elyvilon
Fedhas
Gozag
Hepliaklqana
Kikubaaqudgha
Makhleb
Nemelex Xobeh
Okawaru
Qazlal
Ru
Sif Muna
Trog
Uskayaw
Vehumet
Xom
Yredelemnul
Zin
The Shining One
Jiyva
Lugonu

Shops:
D }*[

Annotations:
D Sonja


Innate Abilities, Weirdness & Mutations

You cannot wear armour.
You are incapable of wielding weapons or throwing items.
Your paws allow you to move quietly. (Stealth)
You have sharp claws.
You have razor-sharp teeth.
You have supernaturally acute eyesight. (SInv)
You are carnivorous and can eat meat at any time.
You cover ground quickly.
You are covered in thick fur. (AC +2)
You have a slow metabolism.
Your sharp claws are effective at attacking unaware monsters.


Message History

Found Yraurobe's Gadget Boutique. 2 floating eyes and a shining eye come into view.
The floating eye turns its gaze towards you.
As you close the huge gate, it creaks loudly!
There is an open door here.
You see here a curare-tipped needle.
You see here the felid corpse of equalderp2856.
You open the door. 2 ballistomycete spores come into view.
The ballistomycete spore waves its rhizomes.
The ballistomycete spore explodes!
The explosion of spores engulfs the ballistomycete spore.
The ballistomycete spore explodes!
A fungus suddenly grows. x3; The explosion of spores engulfs you!
You are confused.
Ouch! That really hurt!
The explosion of spores engulfs you!
You are more confused.
Ouch! That really hurt!
You die...

#..#__####..##[#≈≈§§c #
#..#_____##'#..+≈≈§§§
#⌠⌠#_.∩..†'.(._#≈§§§
####_..__##_.#'##+###
#_____###'#.#.[..###
############†####'###.##
#∩........'(..'..[..'[∩#
###++++####...##########
#..G... ##@## #G.....
#P# #..#..G !$! #G G...


$(PP$ # ....# ####### G..K. You could see an active ballistomycete (unaware).

Vanquished Creatures
  A deep troll (D)
  2 kobold demonologists (D)
  A slime creature (D)
  Sigmund (D)
  A yak (D)
  A floating eye (D)
  An ogre (D)
  A jelly (D)
  Ijyb (D)
10 creatures vanquished.

Vanquished Creatures (others)
  A gargoyle (D)
  A ballistomycete spore (D)
2 creatures vanquished.

Grand Total: 12 creatures vanquished

Notes
Turn   | Place    | Note
-------+----------+-------------------------------------------
     0 | D        | equalderp2856 the Felid Fighter began the quest for the Orb.
     0 | D        | Reached XP level 1. HP: 10/10 MP: 2/2
     2 | D        | Noticed Ijyb
    13 | D        | Killed Ijyb
    13 | D        | Reached skill level 5 in Dodging
    13 | D        | Reached skill level 6 in Unarmed Combat
    13 | D        | Reached XP level 2. HP: 3/15 MP: 3/3
   273 | D        | Killed a gargoyle
   345 | D        | Noticed an ogre
   351 | D        | Killed an ogre
   351 | D        | Reached skill level 1 in Stealth
   351 | D        | Reached skill level 8 in Unarmed Combat
   351 | D        | Reached XP level 3. HP: 19/19 MP: 4/4
   351 | D        | Reached XP level 4. HP: 22/22 MP: 5/5
   364 | D        | Noticed Sigmund
   371 | D        | Killed Sigmund
   371 | D        | Reached skill level 10 in Unarmed Combat
   371 | D        | Reached XP level 5. HP: 16/27 MP: 6/6
   498 | D        | Found a burning altar of Makhleb.
   498 | D        | Found a viscous altar of Jiyva.
   498 | D        | Found a shimmering altar of Xom.
   498 | D        | Found a corrupted altar of Lugonu.
   498 | D        | Noticed a slime creature
   510 | D        | Killed a slime creature
   510 | D        | Reached skill level 11 in Unarmed Combat
   510 | D        | Gained mutation: You are covered in thick fur. (AC +2) [Felid growth]
   510 | D        | Reached XP level 6. HP: 14/31 MP: 7/7
   651 | D        | Found a deep blue altar of Sif Muna.
   653 | D        | Found a radiant altar of Vehumet.
   695 | D        | Found Isoymux's Assorted Antiques.
   695 | D        | Found an ancient bone altar of Kikubaaqudgha.
   695 | D        | Found a hazy altar of Hepliaklqana.
   695 | D        | Found a stormy altar of Qazlal.
   695 | D        | Found a hide-covered altar of Uskayaw.
   695 | D        | Found a blossoming altar of Fedhas.
   695 | D        | Found a bloodstained altar of Trog.
   695 | D        | Found an iron altar of Okawaru.
   695 | D        | Found a basalt altar of Yredelemnul.
   695 | D        | Found a glowing golden altar of the Shining One.
   695 | D        | Found a snail-covered altar of Cheibriados.
   695 | D        | Found a sacrificial altar of Ru.
   695 | D        | Found a glowing silver altar of Zin.
   695 | D        | Found a shadowy altar of Dithmenos.
   695 | D        | Found a white marble altar of Elyvilon.
   695 | D        | Noticed a yak
   696 | D        | Found an opulent altar of Gozag.
   697 | D        | Killed a yak
   697 | D        | Reached skill level 12 in Unarmed Combat
   697 | D        | Reached XP level 7. HP: 32/36 MP: 8/8
   698 | D        | Found a sparkling altar of Nemelex Xobeh.
   735 | D        | Noticed a kobold demonologist
   736 | D        | Noticed a kobold demonologist
   740 | D        | Noticed a neqoxec
   740 | D        | Paralysed by a floating eye for 4 turns
   741 | D        | Noticed a hellwing
   746 | D        | Reached skill level 10 in Dodging
   755 | D        | Noticed an orange demon
   758 | D        | Slain by a neqoxec
   759 | D        | Reached XP level 6. HP: 0/33 MP: 7/7
   772 | D        | Killed a kobold demonologist
   772 | D        | Reached skill level 13 in Unarmed Combat
   772 | D        | Reached XP level 7. HP: 36/36 MP: 8/8
   779 | D        | Noticed an ice devil
   782 | D        | Noticed an orange demon
   782 | D        | Killed a kobold demonologist
   791 | D        | Noticed a demonic crawler
   791 | D        | Noticed a demonic crawler
   791 | D        | Noticed a demonic crawler
   791 | D        | Noticed a demonic crawler
   810 | D        | Noticed Sonja
   822 | D        | Mangled by Sonja
   823 | D        | Reached XP level 6. HP: -6/33 MP: 7/7
   825 | D        | Noticed a deep troll
   827 | D        | Killed a deep troll
   827 | D        | Reached skill level 14 in Unarmed Combat
   827 | D        | Reached XP level 7. HP: 37/37 MP: 8/8
   853 | D        | Found Unnounge's Armour Emporium.
   871 | D        | Noticed a centaur warrior
   891 | D        | Found Yraurobe's Gadget Boutique.
   891 | D        | Noticed a shining eye
   891 | D        | Noticed a shining eye
   892 | D        | Noticed a shining eye
   903 | D        | Killed by an exploding ballistomycete spore

Skill      XL: |  1  2  3  4  5  6  7 |
---------------+----------------------+-----
Dodging        | 5 6 8 9 11 10 | 11.4
Unarmed Combat | 6 8 10 11 14 | 14.6
Fighting       | 4 6 7 8 |  8.5
Stealth        | 1 8 7 |  8.7

Action                   |  1- 3 |  4- 6 |  7- 9 || total
-------------------------+-------+-------+-------++-------
Melee: Unarmed           |    14 |    23 |    31 ||    68
       Bite              |     2 |     7 |     4 ||    13
       Punch             |       |     3 |     1 ||     4
  Use: Potion            |       |       |     2 ||     2
 Stab: Sleeping          |       |     2 |       ||     2
Dodge: Dodged            |     8 |    10 |    47 ||    65
